 Dungeon Crawl Stone Soup version 0.27.0-1-g7a089689b8 (webtiles) character file.

Game seed: 9551834199707837681

37 Naeght the Poker (level 3, -4/28 HPs)
             Began as a Merfolk Gladiator on Aug 16, 2021.
             Slain by Sigmund (12 damage)
             ... on level 2 of the Dungeon.
             The game lasted 00:01:02 (702 turns).

Naeght the Poker (Merfolk Gladiator)                 Turns: 702, Time: 00:01:03

Health: -4/28      AC:  4    Str: 15    XL:     3   Next: 41%
Magic:  3/3        EV: 13    Int:  7    God:
Gold:   22         SH:  0    Dex: 15    Spells: 2/2 levels left

rFire    + . .     SeeInvis .   a - +0 trident
rCold    + . .     Faith    .   (no shield)
rNeg     . . .     Spirit   .   b - +0 leather armour
rPois    .         Reflect  .   c - +0 helmet
rElec    .         Harm     .   g - scarf {rC+ rF+}
rCorr    .         Rampage  .   (no gloves)
Will     .....                  (no boots)
Stlth    +.........             (no amulet)
HPRegen  0.09/turn              (no ring)
MPRegen  0.08/turn              (no ring)

@: no status effects
A: (nimble swimmer 2), mertail
a: no special abilities


You were on level 2 of the Dungeon.
You visited 1 branch of the dungeon, and saw 2 of its levels.

You collected 22 gold pieces.

Inventory:

Hand Weapons
 a - a +0 trident (weapon)
Missiles
 d - 3 throwing nets (quivered)
 e - 5 javelins
 l - 5 curare-tipped darts
Armour
 b - a +0 leather armour (worn)
 c - a +0 helmet (worn)
 g - a scarf of resistance (worn)
Jewellery
 k - a +6 ring of dexterity
Scrolls
 h - a scroll of noise {unknown}
 j - a scroll of immolation {unknown}
Potions
 f - a potion of lignification {unknown}
 i - a potion of degeneration {unknown}


   Skills:
 + Level 2.8 Fighting
 * Level 5.5 Polearms
 - Level 2.0 Throwing
 + Level 4.4 Dodging


You had 2 spell levels left.
You didn't know any spells.
Your spell library contained the following spells:

 Spells                   Type           Power      Damage    Failure   Level
 Passwall                 Tmut/Erth      0%         N/A       65%         2
 Gell's Gravitas          Tloc           0%         N/A       86%         3
 Lesser Beckoning         Tloc           0%         N/A       86%         3
 Swiftness                Air            0%         N/A       86%         3
 Teleport Other           Tloc           0%         N/A       86%         3
 Invisibility             Hex            0%         N/A       100%        6


Dungeon Overview and Level Annotations

Branches:
Dungeon (2/15)

Altars:

Annotations:
D:2 Sigmund


Innate Abilities, Weirdness & Mutations

((You are quick and stealthy near water. (Stealth+, EV+, Speed+++)))
Your lower body shifts to a powerful aquatic tail in water.


Message History

The jackal bites you. The jackal closely misses you.
You hit the jackal.
You kill the jackal!
The goblin hits you with a +0 club.
A goblin comes into view. It is wielding a +0 dagger.
You hit the goblin.
The goblin is moderately wounded.
The goblin misses you.
Sigmund gestures wildly while chanting.
Sigmund flickers and vanishes!
Deactivating autopickup; reactivate with Ctrl-A.
You puncture the goblin!
You kill the goblin!
Something hits you but does no damage. Something hits you.
Things that are here:
a +0 club; a goblin corpse You miss something.
Something hits you!
You are too injured to fight recklessly!
You are too injured to fight recklessly!
You are too injured to fight recklessly!
You are too injured to fight recklessly!
You are too injured to fight recklessly!
You are too injured to fight recklessly!
You are too injured to fight recklessly!
You are too injured to fight recklessly!
You are too injured to fight recklessly!
You are too injured to fight recklessly!
You are too injured to fight recklessly!
You are too injured to fight recklessly!
A goblin is nearby!
Unknown command.
You puncture something! Something barely misses you.
You closely miss something. The goblin completely misses you.
Something hits you.
* * * LOW HITPOINT WARNING * * *
You closely miss something. The goblin misses you.
Something hits you but does no damage.
You closely miss something. The goblin barely misses you. Something hits you!
You die...

...####.####........
#.......>.........#
######†####........
#.# ######...
####.#### ...
#.......# ..
#.##.##.# # #
#.##.######...#
..##...@{......
..........g.<....
...###...........
#... ...######.>.#
###.##### ... .. .


You could see a goblin.

Vanquished Creatures
  3 dart slugs (D:1)
  An endoplasm (D:1)
  4 goblins
  3 hobgoblins (D:1)
  6 jackals
  A quokka (D:1)
  A ball python (D:1)
  3 bats (D:1)
  3 frilled lizards
  A kobold (D:1)
  4 rats (D:1)
30 creatures vanquished.

Notes
Turn   | Place    | Note
-------+----------+-------------------------------------------
     0 | D:1      | Naeght the Merfolk Gladiator began the quest for the Orb.
     0 | D:1      | Reached XP level 1. HP: 16/16 MP: 1/1
    13 | D:1      | Noticed a troll
    15 | D:1      | Noticed a ghoul
    15 | D:1      | Noticed a vampire
    17 | D:1      | Noticed a minotaur zombie
    19 | D:1      | Noticed a merfolk
    21 | D:1      | Noticed a felid
    65 | D:1      | Found a faded altar of an unknown god.
    83 | D:1      | Reached XP level 2. HP: 21/23 MP: 2/2
   238 | D:1      | Reached skill level 5 in Polearms
   503 | D:1      | Reached XP level 3. HP: 28/28 MP: 3/3
   689 | D:2      | Noticed Sigmund
   702 | D:2      | Slain by Sigmund

Illustrated notes

Levels and vault maps discovered:
D:1:      shiori_arrival_whats_in_store_for_you, layout_rooms,
          ebering_ecumenical_altar_webs
D:2:      layout_loops_cross, uniq_sigmund

Skill      XL: |  1  2 |
---------------+-------+-----
Polearms       | 5 |  5.5
Fighting       | |  2.8
Throwing       | |  2.0
Dodging        | |  4.4

Action                   || total
-------------------------++-------
Melee: Trident           ||    93
 Stab: Distracted        ||     1
Armor: Leather armour    ||    22
Dodge: Dodged            ||    45
